 Dungeon Crawl Stone Soup version 0.25.0-11-g1f837a76a1 (webtiles) character file.

Game seed: 3617242736966200917

92752 DungeonDestroyer the Blocker (level 16, 0/101 HPs)
             Began as a Gnoll Fighter on June 26, 2020.
             Was a Plaything of Xom.
             Slain by a dire elephant (glowing shapeshifter) (16 damage)
             ... on level 15 of the Dungeon.
             The game lasted 01:29:38 (29163 turns).

DungeonDestroyer the Blocker (Gnoll Fighter)       Turns: 29163, Time: 01:29:38

Health: 0/101      AC: 40    Str: 22      XL:     16   Next: 6%
Magic:  30/30      EV: 12    Int: 15      God:    Xom [..*...]
Gold:   1341       SH:  0    Dex: 18 (21) Spells: 29/35 levels left

rFire    + . .     SeeInvis +   i - +3 war axe (protect)
rCold    + + .     Gourm    .   c - +1 kite shield
rNeg     . . .     Faith    .   E - +14 plate armour "Dukodifi" {rPois Int+7 Slay+3 Stlth+}
rPois    +         Spirit   .   O - +2 hat {SInv}
rElec    .         Reflect  .   n - scarf {rC+ rF+}
rCorr    .         Harm     .   B - +0 pair of gloves
MR       ++...                  (no boots)
Stlth    ..........             P - amulet of the acrobat
HPRegen  0.26/turn              l - ring of protection from magic
MPRegen  0.22/turn              V - +4 ring of slaying

@: confused, protection aura, berserk cooldown
A: distributed training, fangs 1, thin skeletal structure 1, agile 1, cold
resistance 1, deterioration 1, dopey 2, frail 2, evolution 1, strong nose
a: Renounce Religion


You were on level 15 of the Dungeon.
You worshipped Xom.
You were a toy of Xom.
You were hungry.

You visited 3 branches of the dungeon, and saw 22 of its levels.
You also visited: Bailey, Ice Cave and Volcano.

You collected 2593 gold pieces.
You spent 1252 gold pieces at shops.

Inventory:

Hand Weapons
 i - a +3 war axe of protection (weapon)
 M - a +0 flail of protection
Missiles
 h - 105 arrows
 t - 10 poisoned darts
 y - 51 stones (quivered)
Armour
 c - a +1 kite shield (worn)
 n - a scarf of resistance (worn)
 B - a +0 pair of gloves (worn)
 E - the +14 plate armour "Dukodifi" (worn) {rPois Int+7 Slay+3 Stlth+}
   (You found it on level 9 of the Dungeon)

   It affects your intelligence (+7).
   It affects your accuracy and damage with ranged weapons and melee attacks
   (+3).
   It protects you from poison.
   It makes you more stealthy.
 O - a +2 hat of see invisible (worn)
Jewellery
 l - a ring of protection from magic (left hand)
 x - the amulet of Vitality {Regen+ HP+15}
   (You took it off a kobold in a bailey)

   [amulet of regeneration]

   It affects your health (+15).
   It increases your rate of regeneration.
 N - a cursed ring of attention {unknown}
 P - an amulet of the acrobat (around neck)
 V - a +4 ring of slaying (right hand)
Wands
 b - a wand of disintegration (2)
 e - a wand of random effects (58)
 k - a wand of polymorph (6)
 A - a wand of iceblast (25)
 G - a wand of paralysis (13)
 H - a wand of enslavement (14)
 Q - a wand of flame (6)
 R - a wand of clouds (13)
Scrolls
 a - 9 scrolls of teleportation
 g - a scroll of amnesia
 j - 4 scrolls of blinking
 m - 3 scrolls of enchant weapon
 o - 3 scrolls of fear
 p - 14 scrolls of identify
 z - 5 scrolls of enchant armour
 D - 2 scrolls of fog
 F - 7 scrolls of remove curse
 J - a scroll of immolation
 X - 2 scrolls of silence
Potions
 d - a potion of might
 q - 3 potions of resistance
 r - 2 potions of stabbing
 u - a potion of flight
 v - a potion of magic
 w - 3 potions of brilliance
 C - 3 potions of curing
 I - 2 potions of berserk rage
 K - a potion of cancellation
 L - 2 potions of ambrosia
Miscellaneous
 s - 3 boxes of beasts
 T - a tin of tremorstones (3/3)
 W - a phantom mirror
 Y - a phial of floods
Comestibles
 f - 32 rations


   Skills:
 + Level 12.0 Fighting
 + Level 10.3 Short Blades
 + Level 10.3 Long Blades
 + Level 11.2 Axes
 + Level 10.3 Maces & Flails
 + Level 10.3 Polearms
 + Level 10.3 Staves
 + Level 10.3 Slings
 + Level 10.3 Bows
 + Level 10.3 Crossbows
 + Level 10.3 Throwing
 + Level 12.0 Armour
 + Level 10.3 Dodging
 + Level 10.3 Stealth
 + Level 12.0 Shields
 + Level 10.3 Unarmed Combat
 + Level 10.3 Spellcasting
 + Level 8.7 Conjurations
 + Level 8.7 Hexes
 + Level 8.7 Charms
 + Level 8.7 Summonings
 + Level 8.7 Necromancy
 + Level 8.7 Translocations
 + Level 8.7 Transmutations
 + Level 8.7 Fire Magic
 + Level 8.7 Ice Magic
 + Level 8.7 Air Magic
 + Level 8.7 Earth Magic
 + Level 8.7 Poison Magic
 + Level 11.2 Invocations
 + Level 10.3 Evocations


You had 29 spell levels left.
You knew the following spells:

 Your Spells              Type           Power        Failure   Level  Hunger
a - Ensorcelled Hibernat  Hex/Ice        ####..       7%          2    None
b - Tukima's Dance        Hex            ####....     13%         3    None
c - Freeze                Ice            ####         4%          1    None

Your spell library contained the following spells:

 Spells                   Type           Power        Failure   Level  Hunger
 Corona                   Hex            ####...      4%          1    None
 Magic Dart               Conj           ####         4%          1    None
 Searing Ray              Conj           ####..       7%          2    None
 Slow                     Hex            ####....     7%          2    None
 Sublimation of Blood     Necr           ####......   7%          2    None
 Confusing Touch          Hex            ####....     13%         3    None
 Dazzling Flash           Conj/Hex       ####..       13%         3    None
 Frozen Ramparts          Ice            ####..       13%         3    None
 Ignite Poison            Fire/Tmut/Pois ####....     13%         3    None
 Inner Flame              Hex/Fire       ####....     13%         3    None
 Ozocubu's Armour         Chrm/Ice       ####....     13%         3    None
 Portal Projectile        Hex/Tloc       ####..       13%         3    None
 Cause Fear               Hex            ####......   41%         4    ###....
 Fulminant Prism          Conj/Hex       ####......   41%         4    ###....
 Hailstorm                Conj/Ice       ####....     41%         4    ###....
 Iskenderun's Mystic Bla  Conj/Tloc      ####....     41%         4    ###....
 Leda's Liquefaction      Hex/Erth       ####......   41%         4    ###....
 Petrify                  Tmut/Erth      ####....     41%         4    ###....
 Summon Ice Beast         Ice/Summ       ####....     41%         4    ###....
 Alistair's Intoxication  Tmut/Pois      ####....     77%         5    #####..
 Irradiate                Conj/Tmut      ####......   77%         5    #####..
 Eringya's Noxious Bog    Tmut/Pois      ####......   100%        6    ######.


Dungeon Overview and Level Annotations

Branches:
Dungeon (15/15)            Temple (1/1) D:6            Lair (6/6) D:10
  Swamp (0/4) Lair:2       Spider (0/4) Lair:2        Slime (0/5) Lair:5
    Orc (0/2) D:12         Vaults (0/5) D:14         Depths (0/5) D:15
 Bailey (visited)           IceCv (visited)         Volcano (visited)

Altars:
Ashenzari
Cheibriados
Dithmenos
Elyvilon
Fedhas
Gozag
Hepliaklqana
Kikubaaqudgha
Makhleb
Nemelex Xobeh
Okawaru
Qazlal
Ru
Sif Muna
Trog
Uskayaw
Vehumet
Wu Jian
Xom
Yredelemnul
Zin
The Shining One
Jiyva

Shops:
D:6 ?   D:10 =

Annotations:
D:13 1 runed translucent door
D:15 3 runed translucent doors, Boahovan's ghost, journeyman DsGl
Lair:4 3 runed translucent doors, Laummuim's ghost, journeyman FeFi


Innate Abilities, Weirdness & Mutations

Your experience applies equally to all skills.
You have very sharp teeth.
Your uncanny sense of smell can sniff out nearby items.
You have a somewhat thin skeletal structure. (Dex +2, Stealth)
You are agile. (Dex +2)
Your flesh is cold resistant. (rC+)
Your body sometimes deteriorates upon taking damage.
You are very dopey. (Int -4)
You are very frail. (-20% HP)
You evolve.


Message History

* * * LOW HITPOINT WARNING * * *
You hold your ground!
The dire elephant trunk-slaps you!
* * * LOW HITPOINT WARNING * * *
Unknown command.
You are confused.
You feel invigorated. The dire elephant closely misses you.
The dire elephant trunk-slaps you but does no damage.
You hit the dire elephant but do no damage.
You bite the dire elephant.
The dire elephant is lightly wounded.
The dire elephant tramples you!
* * * LOW HITPOINT WARNING * * *
Your body deteriorates!
You feel clumsy.
You hold your ground!
The dire elephant trunk-slaps you.
* * * LOW HITPOINT WARNING * * *
The dire elephant completely misses you.
The dire elephant barely misses you.
You bump into the rock wall.
The dire elephant tramples you!
You die...
Xom guffaws!

.......##.###.###.##.###..#..#
.......#.....................#
.......#.....................#
#+##).#######..##....###'##..#
...#.########..##....###.##..#
..........#.....#............#
..........####.######........#
..##+###+##*,###..#.####.#####
..##.###.#*,,,*#@.[..###.##..#
.##......#*,,,,#Y##.##....#..#
.##.(....#>,,S..u##..#....#..#
.##.....[#*,...###÷..#....#..#
.((..###.##...#*#.÷#####.##..#
..##########.#*##.##.###.###'#
..# #.....#####...##.#......#
..# #........#.....#.#......#
.## #........#.)...#.#......#


You could see a dire elephant shaped shifter and a red ugly thing.

Vanquished Creatures
  A tentacled monstrosity (D:13)
  Gastronok (Lair:3)
  A ghost moth (Lair:6)
  Nessos (D:13)
  Fannar (D:11)
  7 hydras
  2 vault guards (D:14)
  An ice dragon (Lair:6)
  2 death knights (D:14)
  3 catoblepae
  5 centaur warriors
  4 two-headed ogres
  3 death yaks (Lair:6)
  Urug (Lair:3)
  A swamp dragon (Lair:2)
  2 glowing orange brains
  2 wizards (D:14)
  An orc knight (D:15)
  2 necromancers
  A deep elf mage (D:14)
  A lindwurm (Lair:6)
  3 manticores
  17 ugly things
  2 salamanders (Volcano)
  6 elephants
  2 cyclopes
  9 black mambas
  2 ice statues
  A torpor snail (Lair:1)
  Maggie (Lair:2)
  4 centaur skeletons
  15 spiny frogs
  2 yaktaurs (D:14)
  5 gargoyles
  10 freezing wraiths (IceCv)
  4 komodo dragons
  A demonic crawler (D:13)
  4 rime drakes
  A tengu conjurer (D:15)
  A polar bear (Lair:6)
  A meliai (shapeshifter) (D:13)
  A queen bee (shapeshifter) (D:15)
  4 trolls
  3 hornets
  12 slime creatures
  17 blink frogs
  2 dream sheep (Lair:6)
  2 large abominations (D:13)
  5 small abominations (D:13)
  7 hippogriffs
  A meliai zombie (D:11)
  3 redbacks (Lair:2)
  2 wyverns
  A wraith (D:15)
  19 humans
  A shadow (D:11)
  40 yaks
  2 fire bats (Volcano)
  2 water elementals (D:12)
  Eustachio (D:4)
  2 hungry ghosts
  3 basilisks
  A basilisk (shapeshifter) (D:15)
  A chaos spawn (D:13)
  2 vampire mosquitoes (D:12)
  2 soldier ants (D:9)
  2 acid dragons
  13 water moccasins
  12 porcupines
  3 hell hounds (Volcano)
  13 orc warriors
  21 ice beasts
  A black bear (D:7)
  A sky beast (D:12)
  4 phantoms
  An eye of draining (D:15)
  6 ogres
  4 necrophages (Lair:5)
  7 wolves
  19 centaurs
  4 big kobolds
  9 crocodiles
  Blork the orc (D:6)
  15 bullfrogs
  A wyvern zombie (D:10)
  6 killer bees
  A scorpion (D:6)
  An elephant simulacrum (IceCv)
  4 wights (D:7)
  11 electric eels
  A crimson imp (D:5)
  A quasit (D:5)
  A bullfrog zombie (D:10)
  8 draconian simulacra (IceCv)
  2 jellies
  5 orc priests
  2 bullfrog skeletons
  9 hounds
  4 iguanas
  12 orc wizards
  11 worker ants
  A polar bear simulacrum (IceCv)
  5 troll simulacra (IceCv)
  A spriggan simulacrum (IceCv)
  2 wolf simulacra (IceCv)
  2 centaur simulacra (IceCv)
  A hound zombie (D:11)
  2 hound skeletons
  A worker ant zombie (D:5)
  Robin (D:2)
  9 adders
  5 gnolls
  A naga simulacrum (IceCv)
  3 ogre simulacra (IceCv)
  27 white imps
  An ooze (D:2)
  2 adder skeletons (D:5)
  2 worms
  2 leopard geckos (D:1)
  51 orcs
  5 bats
  7 giant cockroaches
  14 goblins
  12 hobgoblins
  7 jackals
  6 quokkas
  2 ball pythons
  6 frilled lizards
  37 kobolds
  A leopard gecko skeleton (D:5)
  A rat (D:3)
  4 fungi
  2 plants
709 creatures vanquished.

Vanquished Creatures (collateral kills)
  A tengu conjurer (D:15)
  3 yaks (Lair:1)
  A killer bee (D:9)
  An orc (D:6)
6 creatures vanquished.

Vanquished Creatures (others)
  A human (D:14)
  A basilisk (Lair:6)
  A centaur (Volcano)
  A killer bee (D:9)
  A worker ant (D:9)
  8 fungi
  4 plants
17 creatures vanquished.

Grand Total: 732 creatures vanquished

Notes
Turn   | Place    | Note
-------+----------+-------------------------------------------
     0 | D:1      | DungeonDestroyer the Gnoll Fighter began the quest for the
                  | Orb.
     0 | D:1      | Reached XP level 1. HP: 23/23 MP: 1/1
   287 | D:1      | Reached XP level 2. HP: 29/29 MP: 2/2
   352 | D:1      | Found a shimmering altar of Xom.
   532 | D:1      | Became a worshipper of Xom of Malevolent Giggling
   616 | D:1      | XOM: silly message
   900 | D:2      | Noticed Robin
   905 | D:2      | Reached XP level 3. HP: 33/35 MP: 3/3
   925 | D:2      | Killed Robin
   925 | D:2      | Reached skill level 1 in Invocations
  1030 | D:2      | Reached skill level 1 in Short Blades
  1030 | D:2      | Reached skill level 1 in Long Blades
  1030 | D:2      | Reached skill level 1 in Maces & Flails
  1030 | D:2      | Reached skill level 1 in Polearms
  1030 | D:2      | Reached skill level 1 in Staves
  1030 | D:2      | Reached skill level 1 in Slings
  1030 | D:2      | Reached skill level 1 in Bows
  1030 | D:2      | Reached skill level 1 in Crossbows
  1030 | D:2      | Reached skill level 1 in Throwing
  1030 | D:2      | Reached skill level 1 in Dodging
  1030 | D:2      | Reached skill level 1 in Stealth
  1030 | D:2      | Reached skill level 1 in Unarmed Combat
  1030 | D:2      | Reached skill level 1 in Spellcasting
  1030 | D:2      | Reached skill level 1 in Evocations
  1147 | D:2      | Reached XP level 4. HP: 27/41 MP: 5/5
  1667 | D:2      | XOM: silly message
  2123 | D:3      | XOM: silly message
  2137 | D:3      | XOM: silly message
  2212 | D:3      | Reached skill level 1 in Conjurations
  2212 | D:3      | Reached skill level 1 in Hexes
  2212 | D:3      | Reached skill level 1 in Charms
  2212 | D:3      | Reached skill level 1 in Summonings
  2212 | D:3      | Reached skill level 1 in Necromancy
  2212 | D:3      | Reached skill level 1 in Translocations
  2212 | D:3      | Reached skill level 1 in Transmutations
  2212 | D:3      | Reached skill level 1 in Fire Magic
  2212 | D:3      | Reached skill level 1 in Ice Magic
  2212 | D:3      | Reached skill level 1 in Air Magic
  2212 | D:3      | Reached skill level 1 in Earth Magic
  2212 | D:3      | Reached skill level 1 in Poison Magic
  2354 | D:3      | XOM: god gift: weird jewelled staff {god gift}
  2677 | D:4      | Reached XP level 5. HP: 46/47 MP: 5/7
  2793 | D:4      | XOM: scenery: create altars
  2849 | D:4      | XOM: scenery: create altars
  2859 | D:4      | Noticed Eustachio
  2871 | D:4      | XOM: confuse monster(s)
  2875 | D:4      | Killed Eustachio
  2875 | D:4      | Reached XP level 6. HP: 49/53 MP: 8/8
  2911 | D:4      | XOM: 4-stop teleportation journey
  2947 | D:4      | Reached skill level 5 in Axes
  3213 | D:4      | XOM: 3-stop teleportation journey
  3312 | D:4      | XOM: give mutation
  3312 | D:4      | Gained mutation: You have supernaturally acute eyesight.
                  | (SInv) [Xom's grace]
  3567 | D:4      | XOM: god gift: embroidered scarf {god gift}
  3579 | D:5      | Entered Level 5 of the Dungeon
  3698 | D:5      | Reached XP level 7. HP: 54/59 MP: 10/10
  3797 | D:5      | Found a blossoming altar of Fedhas.
  3872 | D:5      | XOM: scenery: create altars
  3885 | D:5      | XOM: fake destruction
  3886 | D:5      | XOM: scenery: create altars
  4227 | D:5      | XOM: cloud trail
  4412 | D:5      | XOM is BORED!
  4412 | D:5      | XOM: summons 1 hostile demon
  4635 | D:5      | XOM: noise
  4828 | D:6      | Found a staircase to the Ecumenical Temple.
  4833 | D:6      | XOM: enchant monster (good)
  4858 | D:6      | Reached XP level 8. HP: 20/67 MP: 12/12
  4863 | Temple   | Entered the Ecumenical Temple
  5171 | D:6      | Noticed Blork the orc
  5176 | D:6      | XOM: confuse monster(s)
  5189 | D:6      | Killed Blork the orc
  5223 | D:6      | XOM: confuse monster(s)
  5495 | D:6      | XOM: potion effect (haste)
  5501 | D:6      | XOM: confuse monster(s)
  5574 | D:6      | Found Qaguq's Magic Scroll Shoppe.
  5582 | D:6      | Bought a scroll of identify for 26 gold pieces
  5582 | D:6      | Bought a scroll of identify for 26 gold pieces
  5843 | D:6      | XOM: cloud trail
  6288 | D:7      | XOM: divination: magic mapping
  6331 | D:7      | Reached XP level 9. HP: 65/72 MP: 14/14
  6380 | D:7      | XOM: silly message
  6480 | D:7      | Found a glowing golden altar of the Shining One.
  6636 | D:7      | XOM: noise
  6785 | D:7      | XOM: 4-stop teleportation journey
  6894 | D:8      | XOM: divination: magic mapping
  7126 | D:8      | XOM: summons friendly ufetubus
  7127 | D:8      | XOM: noise
  7302 | D:8      | XOM: give mutations
  7302 | D:8      | Gained mutation: You are weak. (Str -2) [Xom's mischief]
  7302 | D:8      | Gained mutation: You expend magic power (3 MP) to
                  | strengthen your wands. [Xom's mischief]
  7302 | D:8      | Lost mutation: You are weak. (Str -2) [Xom's mischief]
  7359 | D:8      | XOM: noise
  7467 | D:8      | XOM: silly message
  7470 | D:8      | XOM: cast spell 'Ring of Flames'
  7515 | D:8      | XOM: silly message
  7536 | D:8      | XOM: divination: magic mapping
  7627 | D:8      | XOM: silly message
  8125 | D:9      | XOM: summons 4 friendly demons
  8147 | D:9      | XOM: destruction
  8152 | D:9      | Noticed a hornet
  8163 | D:9      | XOM: confuse monster(s)
  8166 | D:9      | Killed a hornet
  8166 | D:9      | Reached skill level 5 in Invocations
  8219 | D:9      | XOM: summons 4 hostile demons
  8220 | D:9      | Noticed a hellwing
  8293 | D:9      | XOM: give mutations
  8293 | D:9      | Lost mutation: You have supernaturally acute eyesight.
                  | (SInv) [Xom's mischief]
  8293 | D:9      | Gained mutation: You have a pair of small horns on your
                  | head. [Xom's mischief]
  8293 | D:9      | Gained mutation: You are agile. (Dex +2) [Xom's mischief]
  8391 | D:9      | XOM: give mutations
  8391 | D:9      | Gained mutation: Armour fits poorly on your strangely
                  | shaped body. [Xom's mischief]
  8391 | D:9      | Gained mutation: You occasionally shout uncontrollably at
                  | your foes. [Xom's mischief]
  8460 | D:9      | Identified the +14 plate armour "Dukodifi" {rPois Int+7
                  | Slay+3 Stlth+} (You found it on level 9 of the Dungeon)
  8503 | D:9      | XOM: 5-stop teleportation journey
  8554 | D:9      | Found an iron altar of Okawaru.
  8554 | D:9      | XOM: 3-stop teleportation journey
  8574 | D:9      | Noticed a two-headed ogre
  8582 | D:9      | Reached XP level 10. HP: 71/80 MP: 17/17
  8583 | D:9      | Killed a two-headed ogre
  8605 | D:9      | Identified the cursed +0 ring mail "Demagg" {Harm rElec}
  8610 | D:9      | Reached skill level 5 in Short Blades
  8610 | D:9      | Reached skill level 5 in Long Blades
  8610 | D:9      | Reached skill level 5 in Maces & Flails
  8610 | D:9      | Reached skill level 5 in Polearms
  8610 | D:9      | Reached skill level 5 in Staves
  8610 | D:9      | Reached skill level 5 in Slings
  8610 | D:9      | Reached skill level 5 in Bows
  8610 | D:9      | Reached skill level 5 in Crossbows
  8610 | D:9      | Reached skill level 5 in Throwing
  8610 | D:9      | Reached skill level 5 in Dodging
  8610 | D:9      | Reached skill level 5 in Stealth
  8610 | D:9      | Reached skill level 5 in Unarmed Combat
  8610 | D:9      | Reached skill level 5 in Spellcasting
  8610 | D:9      | Reached skill level 5 in Evocations
  8672 | D:9      | XOM: stat loss: -1 Str (19/20)
  8674 | D:9      | XOM: draining
  8795 | D:9      | XOM: god gift: 15 gold pieces
  9067 | D:9      | XOM: stat loss: -1 Dex (16/17)
  9312 | D:10     | Entered Level 10 of the Dungeon
  9401 | D:10     | Found a staircase to the Lair.
  9432 | D:10     | XOM is BORED!
  9432 | D:10     | XOM: noise
  9476 | D:10     | XOM: noise
  9623 | D:10     | XOM: summons 1 hostile shadow creature
  9809 | Lair:1   | Entered Level 1 of the Lair of Beasts
  9883 | Lair:1   | Noticed Joseph
  9893 | Lair:1   | Noticed Joseph
  9893 | Lair:1   | Joseph changed into Joseph the black mamba
  9893 | Lair:1   | XOM: polymorph Joseph -> Joseph the black mamba
  9901 | Lair:1   | Killed Joseph the black mamba
  9911 | Lair:1   | Found a sacrificial altar of Ru.
  9916 | Lair:1   | XOM: summons 10 friendly demons
  9984 | Lair:1   | XOM: god gift: viscous cyan potion {god gift}
 10121 | Lair:1   | XOM: fog
 10124 | Lair:1   | Noticed a spiny frog
 10130 | Lair:1   | Reached XP level 11. HP: 87/87 MP: 19/19
 10134 | Lair:1   | XOM: confuse monster(s)
 10135 | Lair:1   | XOM: enchant monster (good)
 10143 | Lair:1   | XOM: confuse monster(s)
 10229 | Lair:1   | XOM: summons friendly crimson imp
 10232 | Lair:1   | Reached skill level 5 in Conjurations
 10232 | Lair:1   | Reached skill level 5 in Hexes
 10232 | Lair:1   | Reached skill level 5 in Charms
 10232 | Lair:1   | Reached skill level 5 in Summonings
 10232 | Lair:1   | Reached skill level 5 in Necromancy
 10232 | Lair:1   | Reached skill level 5 in Translocations
 10232 | Lair:1   | Reached skill level 5 in Transmutations
 10232 | Lair:1   | Reached skill level 5 in Fire Magic
 10232 | Lair:1   | Reached skill level 5 in Ice Magic
 10232 | Lair:1   | Reached skill level 5 in Air Magic
 10232 | Lair:1   | Reached skill level 5 in Earth Magic
 10232 | Lair:1   | Reached skill level 5 in Poison Magic
 10296 | Lair:1   | XOM: polymorph crimson imp -> iron imp
 10346 | Lair:1   | XOM: summons 4 friendly demons
 10347 | Lair:1   | XOM: give mutations
 10347 | Lair:1   | Gained mutation: Your body sometimes deteriorates upon
                  | taking damage. [Xom's mischief]
 10347 | Lair:1   | Lost mutation: You occasionally shout uncontrollably at
                  | your foes. [Xom's mischief]
 10347 | Lair:1   | Lost mutation: Your body sometimes deteriorates upon taking
                  | damage. [Xom's mischief]
 10347 | Lair:1   | Gained mutation: You are frail. (-10% HP) [Xom's mischief]
 10459 | Lair:1   | XOM: scenery: create altars
 10543 | Lair:1   | XOM: divine lightning
 10907 | Lair:2   | XOM: silly message
 10925 | Lair:2   | Noticed a swamp dragon
 10932 | Lair:2   | XOM: god gift: ration
 10934 | Lair:2   | XOM: smoke on damage
 11061 | Lair:1   | XOM: silly message
 11215 | Lair:2   | XOM: noise
 11230 | Lair:2   | XOM: enchant monster (good)
 11297 | Lair:1   | XOM: god gift: 17 arrows
 11530 | Lair:2   | XOM: confusion (+ monsters)
 11539 | Lair:2   | Reached XP level 12. HP: 78/86 MP: 22/22
 11638 | Lair:2   | XOM: silly message
 11641 | Lair:2   | XOM: silly message
 11643 | Lair:2   | XOM: cast spell 'Call Canine Familiar'
 11786 | Lair:2   | XOM: divination: detect creatures
 12098 | Lair:2   | Found a hole to the Spider Nest.
 12123 | Lair:2   | Found a staircase to the Swamp.
 12175 | Lair:2   | Noticed Maggie
 12188 | Lair:2   | Killed Maggie
 12298 | Lair:2   | XOM: cast spell 'Summon Butterflies'
 12681 | Lair:2   | XOM: silly message
 12835 | Lair:3   | Noticed Urug
 12841 | Lair:3   | XOM: enchant monster (good)
 12850 | Lair:3   | Killed Urug
 12925 | Lair:3   | Noticed Gastronok
 12927 | Lair:3   | XOM: confuse monster(s)
 12933 | Lair:3   | XOM: potion effect (brilliance)
 12934 | Lair:3   | XOM: cast spell 'Olgreb's Toxic Radiance'
 12942 | Lair:3   | Killed Gastronok
 13377 | Lair:3   | XOM: 6-stop teleportation journey
 13483 | Lair:3   | Noticed a four-headed hydra
 13486 | Lair:3   | XOM: confuse monster(s)
 13495 | Lair:3   | XOM: blink monster(s)
 13500 | Lair:3   | Killed a seven-headed hydra
 13962 | Lair:4   | Reached skill level 10 in Fighting
 13962 | Lair:4   | Reached skill level 10 in Armour
 13962 | Lair:4   | Reached skill level 10 in Shields
 13969 | Lair:4   | XOM: summons friendly white imp
 14082 | Lair:4   | XOM is BORED!
 14082 | Lair:4   | XOM: 1-stop teleportation journey
 14255 | Lair:4   | XOM: god gift: 14 stones
 14329 | Lair:4   | Found a runed translucent gate.
 14329 | Lair:4   | Found a runed translucent gate.
 14329 | Lair:4   | Found a runed translucent gate.
 14331 | Lair:4   | Noticed Laummuim's ghost (journeyman FeFi)
 14601 | Lair:4   | XOM: draining
 14642 | Lair:4   | Reached XP level 13. HP: 78/92 MP: 24/24
 14732 | Lair:4   | XOM: give mutation
 14732 | Lair:4   | Lost mutation: Armour fits poorly on your strangely shaped
                  | body. [Xom's mischief]
 14961 | Lair:4   | XOM: summons 7 hostile demons
 15076 | Lair:5   | Found a dark tunnel.
 15081 | Volcano  | Entered a volcano
 15153 | Volcano  | XOM: blink monster(s)
 15189 | Volcano  | XOM: god gift: wand of paralysis (8)
 15307 | Volcano  | XOM: summons 1 hostile demon
 15320 | Volcano  | XOM: torment (46/92 hp)
 15430 | Volcano  | XOM: draining
 15553 | Volcano  | XOM: divination: magic mapping
 15556 | Volcano  | XOM: noise
 15562 | Volcano  | XOM: silly message
 15888 | Lair:5   | XOM: noise
 15892 | Lair:5   | XOM: scenery: 2 doors open
 15913 | Lair:5   | XOM: stat loss: -1 Int (18/19)
 15926 | Lair:5   | XOM: silly message
 15931 | Lair:5   | XOM: scenery: create altars
 15974 | Lair:5   | XOM: give mutations
 15974 | Lair:5   | Gained mutation: You are dopey. (Int -2) [Xom's mischief]
 15974 | Lair:5   | Gained mutation: You are very dopey. (Int -4) [Xom's
                  | mischief]
 15974 | Lair:5   | Lost mutation: You expend magic power (3 MP) to strengthen
                  | your wands. [Xom's mischief]
 16008 | Lair:5   | XOM: give mutations
 16008 | Lair:5   | Gained mutation: You are weak. (Str -2) [Xom's mischief]
 16008 | Lair:5   | Gained mutation: You are very frail. (-20% HP) [Xom's
                  | mischief]
 16008 | Lair:5   | Gained mutation: Scrolls take you a little longer to read.
                  | [Xom's mischief]
 16008 | Lair:5   | Lost mutation: Scrolls take you a little longer to read.
                  | [Xom's mischief]
 16034 | Lair:5   | XOM: stat loss: -1 Dex (17/18)
 16490 | Lair:5   | XOM: chaos cloud
 16526 | Lair:5   | XOM: confusion
 16547 | Lair:5   | XOM: give mutations
 16547 | Lair:5   | Lost mutation: You are weak. (Str -2) [Xom's mischief]
 16547 | Lair:5   | Gained mutation: Your body sometimes deteriorates upon
                  | taking damage. [Xom's mischief]
 16547 | Lair:5   | Lost mutation: Your body sometimes deteriorates upon taking
                  | damage. [Xom's mischief]
 16547 | Lair:5   | Gained mutation: You are weak. (Str -2) [Xom's mischief]
 16725 | Lair:5   | Found a staircase to the Slime Pits.
 16725 | Lair:5   | Found a viscous altar of Jiyva.
 16855 | Lair:6   | Entered Level 6 of the Lair of Beasts
 16943 | Lair:6   | Noticed an ice dragon
 16963 | Lair:6   | XOM: summons 2 hostile demons
 16966 | Lair:6   | Killed an ice dragon
 17055 | Lair:6   | XOM: divination: magic mapping
 17065 | Lair:6   | XOM: enchant monster (good)
 17074 | Lair:6   | XOM: blink monster(s)
 17125 | Lair:6   | XOM: noise
 17199 | Lair:6   | XOM: divination: detect items
 17349 | Lair:6   | XOM: 6-stop teleportation journey
 17468 | Lair:6   | Noticed a ghost moth
 17468 | Lair:6   | an eight-headed hydra changed into a ghost moth
 17468 | Lair:6   | XOM: polymorph eight-headed hydra -> ghost moth
 17490 | Lair:6   | XOM: silly message
 17494 | Lair:6   | Killed a ghost moth
 17731 | Lair:6   | XOM: cast spell 'Ring of Flames'
 17831 | Lair:6   | XOM: potion effect (heal wounds)
 17832 | Lair:6   | Reached XP level 14. HP: 78/88 MP: 26/26
 17840 | Lair:6   | XOM: confuse monster(s)
 18011 | Lair:6   | XOM: potion effect (haste)
 18018 | Lair:6   | Reached skill level 10 in Axes
 18092 | Lair:6   | Identified the cursed +1 ring mail of the Evil One {Harm
                  | rPois MR- Regen+ Int+4} (You found it on level 6 of the
                  | Lair of Beasts)
 18177 | Lair:6   | Identified a scroll of acquirement
 18539 | Lair:6   | XOM: noise
 18625 | Lair:6   | Identified the +4 ring mail of Idduik {rElec rPois rC+
                  | Str+3} (You found it on level 6 of the Lair of Beasts)
 18663 | Lair:6   | XOM: cloud trail
 18934 | D:10     | XOM: cast spell 'Call Canine Familiar'
 18978 | D:10     | XOM: cast spell 'Leda's Liquefaction'
 19077 | D:10     | Found Litocegon's Jewellery Boutique.
 19098 | D:10     | Bought a cursed -4 ring of dexterity for 30 gold pieces
 19166 | D:10     | Bought a +4 ring of slaying for 1170 gold pieces
 19558 | D:11     | Noticed Fannar
 19558 | D:11     | XOM: divination: detect items
 19560 | D:11     | XOM: divination: magic mapping
 19564 | D:11     | XOM: potion effect (stabbing)
 19595 | D:11     | Killed Fannar
 19855 | Temple   | Learned a level 2 spell: Ensorcelled Hibernation
 19859 | Temple   | Learned a level 3 spell: Tukima's Dance
 20210 | D:11     | XOM: divination: detect creatures
 20354 | D:11     | XOM: divination: detect creatures
 20357 | D:11     | XOM: confuse monster(s)
 20482 | D:11     | XOM: swap monsters
 20509 | D:11     | Reached skill level 10 in Invocations
 20611 | D:11     | XOM: give mutation
 20611 | D:11     | Gained mutation: Your body sometimes deteriorates upon
                  | taking damage. [Xom's mischief]
 21045 | D:12     | XOM is BORED!
 21045 | D:12     | XOM: give mutations
 21045 | D:12     | Gained mutation: You have a somewhat thin skeletal
                  | structure. (Dex +2, Stealth) [Xom's mischief]
 21045 | D:12     | Gained mutation: Scrolls take you a little longer to read.
                  | [Xom's mischief]
 21045 | D:12     | Lost mutation: You have a pair of small horns on your head.
                  | [Xom's mischief]
 21096 | D:12     | XOM: fog
 21106 | D:12     | XOM: noise
 21472 | D:12     | Found a staircase to the Orcish Mines.
 21823 | D:12     | XOM: give mutation
 21823 | D:12     | Lost mutation: Your body sometimes deteriorates upon taking
                  | damage. [Xom's mischief]
 22039 | D:12     | XOM: 8-stop teleportation journey
 22552 | D:12     | XOM: summons 6 hostile demons
 22572 | D:12     | XOM: stat loss: -1 Dex (18/20)
 22652 | D:13     | Noticed Nessos
 22659 | D:13     | XOM: summons friendly crimson imp
 22683 | D:13     | Killed Nessos
 22691 | D:13     | XOM: silly message
 22786 | D:13     | Found a flagged portal.
 22796 | Bailey   | Entered a bailey
 22979 | Bailey   | XOM: summons 8 hostile demons
 23059 | Bailey   | Lost mutation: You are very dopey. (Int -4) [potion of
                  | mutation]
 23059 | Bailey   | Lost mutation: You are weak. (Str -2) [potion of mutation]
 23059 | Bailey   | Lost mutation: Scrolls take you a little longer to read.
                  | [potion of mutation]
 23059 | Bailey   | Gained mutation: Your body sometimes deteriorates upon
                  | taking damage. [potion of mutation]
 23059 | Bailey   | Gained mutation: You evolve. [potion of mutation]
 23059 | Bailey   | XOM: polymorph orc knight -> glowing orange brain
 23060 | Bailey   | XOM: chaos upgrade
 23402 | D:13     | XOM: enchant monster (bad)
 23405 | D:13     | XOM: scenery: 1 doors close
 23427 | D:13     | XOM: god gift: box of beasts
 23815 | D:13     | XOM: god gift: chain mail {god gift}
 23888 | D:13     | XOM: polymorph two-headed ogre -> elephant
 23936 | D:13     | XOM: cleaving
 23940 | D:13     | Reached XP level 15. HP: 89/95 MP: 28/28
 24009 | D:13     | XOM: divination: magic mapping
 24055 | D:13     | Found a glowing golden altar of the Shining One.
 24055 | D:13     | Noticed a daeva
 24056 | D:13     | Found a runed translucent door.
 24621 | D:13     | Found a runed translucent door.
 24701 | D:13     | XOM: give mutation
 24701 | D:13     | Gained mutation: You are very dopey. (Int -4) [Xom's
                  | mischief]
 24954 | D:13     | Noticed a tentacled monstrosity
 24960 | D:13     | XOM: smoke on damage
 24969 | D:13     | Killed a tentacled monstrosity
 25537 | D:14     | XOM: god gift: scroll of teleportation
 25611 | D:14     | XOM: enchant monster (good)
 25768 | D:14     | XOM is BORED!
 25768 | D:14     | XOM: noise
 26090 | D:14     | XOM: draining
 26220 | D:14     | XOM: god gift: 37 gold pieces
 26520 | D:14     | XOM: noise
 26528 | D:14     | Found a gate to the Vaults.
 26532 | D:14     | Reached skill level 10 in Short Blades
 26532 | D:14     | Reached skill level 10 in Long Blades
 26532 | D:14     | Reached skill level 10 in Maces & Flails
 26532 | D:14     | Reached skill level 10 in Polearms
 26532 | D:14     | Reached skill level 10 in Staves
 26532 | D:14     | Reached skill level 10 in Slings
 26532 | D:14     | Reached skill level 10 in Bows
 26532 | D:14     | Reached skill level 10 in Crossbows
 26532 | D:14     | Reached skill level 10 in Throwing
 26532 | D:14     | Reached skill level 10 in Dodging
 26532 | D:14     | Reached skill level 10 in Stealth
 26532 | D:14     | Reached skill level 10 in Unarmed Combat
 26532 | D:14     | Reached skill level 10 in Spellcasting
 26532 | D:14     | Reached skill level 10 in Evocations
 26704 | D:14     | XOM: stat loss: -1 Int (14/15)
 27235 | D:9      | Gained mutation: Your flesh is cold resistant. (rC+)
                  | [evolution]
 27331 | D:15     | Entered Level 15 of the Dungeon
 27344 | D:15     | XOM: 1-stop teleportation journey
 27364 | D:15     | XOM: silly message
 27368 | D:15     | XOM: divination: magic mapping
 27411 | D:15     | Noticed a frost giant
 27411 | D:15     | Noticed Boahovan's ghost (journeyman DsGl)
 27418 | D:15     | Found a frozen archway.
 27444 | D:15     | XOM: confuse monster(s)
 27459 | IceCv    | Entered an ice cave
 27731 | IceCv    | XOM: silly message
 27791 | IceCv    | XOM: divination: detect creatures
 27833 | IceCv    | Found an ancient bone altar of Kikubaaqudgha.
 28252 | D:15     | XOM: cast spell 'Summon Ice Beast'
 28285 | D:15     | Found a runed translucent gate.
 28285 | D:15     | Found a runed translucent gate.
 28291 | D:15     | XOM: silly message
 28393 | D:15     | XOM: noise
 28408 | D:15     | XOM: noise
 28449 | D:15     | Found a glowing silver altar of Zin.
 28615 | D:15     | XOM: silly message
 28667 | D:15     | Learned a level 1 spell: Freeze
 28751 | D:15     | Found a runed translucent gate.
 28767 | D:15     | XOM: 1-stop teleportation journey
 28769 | D:15     | Reached XP level 16. HP: 101/101 MP: 30/30
 29115 | D:15     | XOM: divination: detect creatures
 29118 | D:15     | XOM: potion effect (berserk rage)
 29133 | D:15     | Noticed an azure jelly
 29133 | D:15     | a fire giant changed into an azure jelly
 29135 | D:15     | an azure jelly changed into a catoblepas
 29149 | D:15     | Noticed a quicksilver dragon
 29149 | D:15     | a frost giant changed into a quicksilver dragon
 29155 | D:15     | a quicksilver dragon changed into a dire elephant
 29158 | D:15     | XOM: divination: magic mapping
 29163 | D:15     | Slain by a dire elephant (glowing shapeshifter)

Illustrated notes

Levels and vault maps discovered:
D:1:      dpeg_arrival_boxorama, layout_loops_ring, hangedman_decor_peaks_small,
          xom_teletrap_fun
D:2:      layout_loops_cross, first_ration, uniq_robin
D:3:      layout_basic
D:4:      layout_cave_pools, serial_rivers, chequers_serial_rivers_room_a,
          chequers_serial_rivers_room_b, chequers_serial_rivers_large_a,
          chequers_serial_rivers_marsh, kennysheep_nub, uniq_eustachio
D:5:      layout_loops_cross, basic_altar
D:6:      layout_loops_corners, minmay_temple_entry_drinking_statues,
          serial_shops, nicolae_shop_stone, uniq_blork_the_orc
D:7:      layout_loops_ring, tso_metal_star
D:8:      layout_basic
D:9:      layout_loops_ring, hangedman_pestilent_swarm, okawaru_humans
D:10:     layout_basic, lair_entry_dummy, serial_shops, shop,
          chequers_serial_rivers_micro_b, minmay_misc_feat_room
D:11:     layout_long_grid, uniq_fannar
D:12:     layout_basic, minivault_1
D:13:     cheibrodos_body_horror, layout_basic, enter_bailey_8,
          lemuel_angel_altar, uniq_nessos
D:14:     layout_loops_cross, grunt_vaults_entry_tiered, roderic_lattice_a
D:15:     gammafunk_enter_depths_forms, layout_gridville, gammafunk_ghost_icy,
          lemuel_altar_in_water, portal_ice_cave_entry_imps
Temple:   grunt_wide_crystal_templ
Lair:1:   layout_cave_pods, basic_altar, grunt_megastairs_4, uniq_joseph
Lair:2:   layout_loops_ring, minmay_swamp_entry_reptiles,
          spider_nest_entry_webs, infiniplex_staircase_pool_2,
          grunt_megastairs_5, serial_bayou_shore_a, uniq_maggie
Lair:3:   layout_gridlike, uniq_urug, uniq_gastronok
Lair:4:   layout_cave_pods, gammafunk_ghost_necromancy
Lair:5:   layout_regular_city, slime_altar_1, nicolae_volcano_entry_lava_flow,
          roderic_carrion_pond, grunt_megastairs_1
Lair:6:   hangedman_lair_in_review, layout_regular_city, st_stairs_9,
          ice2_lemuel, lemuel_fruit_tree

Skill      XL: |  1  2  3  4  5  6  7  8  9 10 11 12 13 14 15 |
---------------+----------------------------------------------+-----
Invocations    | 1 2 3 4 5 6 7 8 9 10 11 | 11.2
Short Blades   | 1 2 3 4 5 6 7 8 9 10 | 10.3
Long Blades    | 1 2 3 4 5 6 7 8 9 10 | 10.3
Maces & Flails | 1 2 3 4 5 6 7 8 9 10 | 10.3
Polearms       | 1 2 3 4 5 6 7 8 9 10 | 10.3
Staves         | 1 2 3 4 5 6 7 8 9 10 | 10.3
Slings         | 1 2 3 4 5 6 7 8 9 10 | 10.3
Bows           | 1 2 3 4 5 6 7 8 9 10 | 10.3
Crossbows      | 1 2 3 4 5 6 7 8 9 10 | 10.3
Throwing       | 1 2 3 4 5 6 7 8 9 10 | 10.3
Dodging        | 1 2 3 4 5 6 7 8 9 10 | 10.3
Stealth        | 1 2 3 4 5 6 7 8 9 10 | 10.3
Unarmed Combat | 1 2 3 4 5 6 7 8 9 10 | 10.3
Spellcasting   | 1 2 3 4 5 6 7 8 9 10 | 10.3
Evocations     | 1 2 3 4 5 6 7 8 9 10 | 10.3
Conjurations   | 1 2 3 4 5 6 7 8 |  8.7
Hexes          | 1 2 3 4 5 6 7 8 |  8.7
Charms         | 1 2 3 4 5 6 7 8 |  8.7
Summonings     | 1 2 3 4 5 6 7 8 |  8.7
Necromancy     | 1 2 3 4 5 6 7 8 |  8.7
Translocations | 1 2 3 4 5 6 7 8 |  8.7
Transmutations | 1 2 3 4 5 6 7 8 |  8.7
Fire Magic     | 1 2 3 4 5 6 7 8 |  8.7
Ice Magic      | 1 2 3 4 5 6 7 8 |  8.7
Air Magic      | 1 2 3 4 5 6 7 8 |  8.7
Earth Magic    | 1 2 3 4 5 6 7 8 |  8.7
Poison Magic   | 1 2 3 4 5 6 7 8 |  8.7
Axes           | 5 6 7 8 9 10 11 | 11.2
Fighting       | 7 8 9 10 11 12 | 12.0
Armour         | 7 8 9 10 11 12 | 12.0
Shields        | 7 8 9 10 11 12 | 12.0

Action                   |  1- 3 |  4- 6 |  7- 9 | 10-12 | 13-15 | 16-18 || total
-------------------------+-------+-------+-------+-------+-------+-------++-------
Melee: War axe           |    93 |   119 |   349 |   451 |  1298 |    62 ||  2372
       Bite              |     9 |    13 |    43 |    80 |   237 |     9 ||   391
       Headbutt          |       |       |     3 |   133 |   181 |       ||   317
       Flail             |       |       |       |     4 |   100 |       ||   104
Evoke: Wand              |       |       |       |     1 |    27 |       ||    28
  Use: Scroll            |     2 |     6 |     8 |     2 |    13 |       ||    31
       Potion            |     2 |     4 |     3 |     3 |    12 |     1 ||    25
 Stab: Confused          |       |     3 |     1 |     6 |     4 |       ||    14
       Distracted        |       |       |     1 |     1 |     1 |       ||     3
       Paralysed         |       |       |       |     1 |     1 |       ||     2
       Petrified         |       |       |       |       |     7 |       ||     7
       Sleeping          |       |       |       |       |     4 |       ||     4
  Eat: Chunk             |     1 |     7 |     7 |     3 |     4 |       ||    22
       Ration            |       |     1 |     4 |     3 |    13 |       ||    21
Armor: Scale mail        |    33 |    70 |       |       |       |       ||   103
       Chain mail        |       |     9 |   123 |       |       |       ||   132
       Plate armour      |       |       |     3 |   264 |   956 |    17 ||  1240
Dodge: Dodged            |    34 |    65 |   170 |   266 |   861 |    11 ||  1407
Block: Kite shield       |    43 |    69 |   232 |   367 |  1279 |    27 ||  2017
